AoeStats
← MeisolMLG

Black Forest

508710984Analyzed
2v2 RM · 7d ago on Sep 23, 2026· 23m 34s· 4 players
Game mode
Random Map
Map size
Medium (4 player)
Population
200
Speed
Normal
Resources
Standard
Victory
Conquest
Starting age
Dark Age
Ending age
Imperial Age
RankedLock teamsTeams togetherTeam positionsShared explorationLock speedFull tech treeHidden civsTurbo modeCheats
Victory
Defeat
🇺🇸 Turks · United States
726
+18
🇺🇸 Bohemians · United States
716
+19
🇨🇴 Bohemians · Colombia
790
-19
🇪🇸 Inca · Spain
765
-18
Triskitero501
0:51 Loom
18:32 Feudal Age
23:27 Castle Age
22:00 Double-Bit Axe
21:58 Horse Collar
22:12 Gold Mining
22:15 Stone Mining
23:02 Fletching
22:58 Champi Runner
MeisolMLG
0:27 Loom
12:59 Feudal Age
13:34 Horse Collar
13:43 Double-Bit Axe
21:27 Castle Age
21:45 Padded Archer Armor
22:47 Bow Saw
22:39 Heavy Plow
23:03 Caravan
tmkmbl
12:46 Feudal Age
16:59 Castle Age
15:01 Gold Mining
14:57 Double-Bit Axe
21:26 Imperial Age
20:32 Padded Archer Armor
20:27 Fletching
22:34 Horse Collar
Lu
2:47 Loom
13:17 Feudal Age
16:25 Wheelbarrow
18:37 Castle Age
19:37 Double-Bit Axe
22:19 Bow Saw
Connection lost

Rejoining the realm…

Still unreachable

The connection could not be restored.

Session expired

The server has moved on; the page needs a fresh start.